General information
- name: BNet
- type: Ladder team game (AT/RT)
- host: Battle.net
- saver: XtremelyDngeruz
map: FullScaleAssault
- players: 8
- length: 53:29
- speed: Fast
- version: 1.28 W3XP
- replay type: Public
» download(470 KB)
Players
team 1 (loser)

»
pichicacaculo (
blue | 62 APM | 3332 actions | 53:25)
6 Archmage
3 Summon Water Elemental
2 Brilliance Aura
1 Mass Teleport
3 Mountain King
2 Storm Bolt
1 Bash
2 Demon Hunter
1 Metamorphosis
1 Mana Burn
» actions
| Assign group hotkey | 78 | |
| Basic commands | 211 | |
| Build / train | 120 | |
| Enter build submenu | 51 | |
| Enter hero's abilities submenu | 11 | |
| Give item / drop item | 2 | |
| Remove unit from queue | 1 | |
| Right click | 690 | |
| Select / deselect | 1073 | |
| Select group hotkey | 959 | |
| Use ability | 136 | |
3332 total
» units
| Peasant | 27 | |
| Footman | 7 | |
| Rifleman | 20 | |
| Sorceress | 2 | |
| Priest | 5 | |
| Spell Breaker | 1 | |
| Frost Wyrm | 2 | |
| Crypt Fiend | 2 | |
| Hippogryph | 3 | |
| Acolyte | 1 | |
70 total
» upgrades
| Defend | 1 | |
| Long Rifles | 1 | |
| Lumber Harvesting | 1 | |
| Gunpowder | 3 | |
| Plating | 1 | |
| Armor | 3 | |
| Priest Training | 2 | |
| Fragmentation Shards | 1 | |
13 total
» buildings
| Altar of Kings | 3 | |
| Farm | 20 | |
| Barracks | 3 | |
| Scout Tower | 3 | |
| Arcane Vault | 1 | |
| Arcane Tower | 1 | |
| Lumber Mill | 1 | |
| Town Hall | 4 | |
| Keep | 1 | |
| Guard Tower | 1 | |
| Blacksmith | 2 | |
| Arcane Sanctum | 1 | |
| Castle | 1 | |
| Workshop | 1 | |
| Necropolis | 1 | |
| Ziggurat | 2 | |
| Moon Well | 3 | |
| Tree of Life | 2 | |
| Altar of Elders | 1 | |
52 total
» build order
00:37 Altar of Kings
01:06 Farm
01:22 Barracks
01:45 Farm
02:05 Scout Tower
02:17 Arcane Vault
02:23 Farm
02:41 Arcane Tower
03:06 Lumber Mill
03:48 Farm
04:30 Town Hall
05:01 Keep
05:12 Scout Tower
05:16 Scout Tower
05:48 Guard Tower
06:36 Farm
06:40 Blacksmith
07:21 Farm
07:59 Farm
08:06 Arcane Sanctum
09:12 Farm
09:15 Castle
09:20 Barracks
09:43 Farm
09:52 Farm
10:29 Farm
10:33 Farm
10:56 Farm
11:20 Farm
12:42 Farm
16:37 Workshop
21:09 Necropolis
22:11 Town Hall
22:25 Town Hall
25:22 Ziggurat
27:58 Ziggurat
28:41 Moon Well
28:44 Moon Well
28:51 Town Hall
30:36 Tree of Life
32:05 Altar of Kings
32:09 Farm
32:11 Farm
32:13 Farm
34:07 Altar of Kings
34:10 Farm
34:12 Farm
35:07 Blacksmith
35:10 Barracks
40:40 Tree of Life
40:44 Moon Well
41:21 Altar of Elders
» items
| Scroll of Regeneration | 4 | |
| Lesser Clarity Potion | 1 | |
| Scroll of Town Portal | 8 | |
| Potion of Healing | 4 | |
| Orb of Fire | 1 | |
| Staff of Teleportation | 1 | |
19 total

»
HellscreamXx (
red | 78 APM | 1438 actions | 18:32)
5 Death Knight
3 Death Coil
2 Unholy Aura
3 Lich
2 Frost Nova
1 Frost Armor
» actions
| Assign group hotkey | 167 | |
| Build / train | 73 | |
| Enter build submenu | 27 | |
| Enter hero's abilities submenu | 8 | |
| Give item / drop item | 1 | |
| Remove unit from queue | 4 | |
| Right click | 540 | |
| Select / deselect | 260 | |
| Select group hotkey | 278 | |
| Use ability | 79 | |
1438 total
» units
| Acolyte | 20 | |
| Ghoul | 5 | |
| Crypt Fiend | 6 | |
| Obsidian Statue | 2 | |
| Makrura Deepseer | 1 | |
| Abomination | 1 | |
| Frost Wyrm | 3 | |
38 total
» upgrades
| Web | 1 | |
| Creature Attack | 3 | |
| Ghoul Frenzy | 1 | |
| Disease Cloud | 1 | |
| Freezing Breath | 1 | |
7 total
» buildings
| Altar of Darkness | 1 | |
| Ziggurat | 12 | |
| Graveyard | 1 | |
| Crypt | 1 | |
| Tomb of Relics | 1 | |
| Nerubian Tower | 2 | |
| Halls of the Dead | 2 | |
| Necropolis | 1 | |
| Black Citadel | 1 | |
| Slaughterhouse | 1 | |
| Spirit Tower | 1 | |
| Sacrificial Pit | 1 | |
| Boneyard | 2 | |
27 total
» build order
00:12 Altar of Darkness
00:15 Ziggurat
00:43 Graveyard
01:07 Crypt
01:18 Tomb of Relics
01:35 Ziggurat
01:42 Nerubian Tower
03:21 Halls of the Dead
03:22 Halls of the Dead
03:51 Nerubian Tower
04:26 Ziggurat
07:09 Necropolis
07:20 Black Citadel
07:29 Slaughterhouse
08:46 Ziggurat
08:54 Ziggurat
08:57 Ziggurat
09:25 Ziggurat
10:40 Spirit Tower
10:50 Sacrificial Pit
12:24 Boneyard
12:28 Boneyard
12:40 Ziggurat
12:42 Ziggurat
12:47 Ziggurat
12:59 Ziggurat
18:10 Ziggurat
» items
| Rod of Necromancy | 1 | |
| Orb of Corruption | 2 | |
| Scroll of Town Portal | 1 | |
| Potion of Healing | 2 | |
6 total
2_ARE_Democracy (
yellow | 97 APM | 5082 actions | 52:35)
8 Archmage
2 Summon Water Elemental
3 Brilliance Aura
2 Blizzard
1 Mass Teleport
7 Blood Mage
3 Flame Strike
2 Banish
1 Summon Phoenix
1 Siphon Mana
» actions
| Assign group hotkey | 83 | |
| Basic commands | 348 | |
| Build / train | 235 | |
| ESC pressed | 15 | |
| Enter build submenu | 75 | |
| Enter hero's abilities submenu | 17 | |
| Give item / drop item | 7 | |
| Remove unit from queue | 1 | |
| Right click | 1353 | |
| Select / deselect | 808 | |
| Select group hotkey | 1731 | |
| Use ability | 409 | |
5082 total
» units
| Peasant | 24 | |
| Footman | 3 | |
| Goblin Shredder | 2 | |
| Rifleman | 2 | |
| Goblin Zeppelin | 11 | |
| Gryphon Rider | 3 | |
| Dragonhawk Rider | 9 | |
| Sorceress | 2 | |
| Goblin Sapper | 4 | |
| Flying Machine | 29 | |
89 total
» upgrades
| Gunpowder | 3 | |
| Armor | 3 | |
| Long Rifles | 1 | |
| Masonry | 3 | |
| Swords | 3 | |
| Animal War Training | 1 | |
| Sorceress Training | 2 | |
| Priest Training | 2 | |
| Storm Hammers | 1 | |
| Cloud | 1 | |
| Control Magic | 1 | |
| Lumber Harvesting | 1 | |
| Plating | 4 | |
| Flak Cannons | 1 | |
| Flying Machine Bombs | 1 | |
28 total
» buildings
| Barracks | 1 | |
| Altar of Kings | 1 | |
| Farm | 11 | |
| Blacksmith | 1 | |
| Lumber Mill | 1 | |
| Keep | 6 | |
| Arcane Vault | 2 | |
| Town Hall | 4 | |
| Scout Tower | 41 | |
| Castle | 6 | |
| Arcane Tower | 1 | |
| Guard Tower | 35 | |
| Gryphon Aviary | 4 | |
| Arcane Sanctum | 2 | |
| Workshop | 2 | |
| Moon Well | 5 | |
123 total
» build order
00:53 Barracks
00:55 Altar of Kings
00:58 Farm
01:03 Farm
01:20 Farm
01:21 Farm
02:21 Blacksmith
02:23 Farm
02:50 Farm
03:07 Lumber Mill
03:56 Keep
03:56 Keep
03:56 Keep
04:09 Arcane Vault
04:46 Town Hall
05:48 Scout Tower
05:50 Scout Tower
06:27 Castle
06:28 Castle
06:28 Castle
06:51 Arcane Tower
06:52 Guard Tower
06:52 Guard Tower
06:52 Guard Tower
08:24 Scout Tower
08:25 Scout Tower
08:28 Scout Tower
08:33 Scout Tower
09:27 Guard Tower
09:27 Guard Tower
09:27 Guard Tower
09:30 Gryphon Aviary
09:31 Gryphon Aviary
09:42 Scout Tower
09:42 Scout Tower
09:43 Scout Tower
09:59 Farm
10:00 Farm
10:06 Arcane Sanctum
10:08 Arcane Sanctum
10:14 Guard Tower
10:14 Guard Tower
12:28 Town Hall
12:31 Scout Tower
12:31 Scout Tower
12:32 Scout Tower
12:32 Scout Tower
13:30 Guard Tower
13:30 Guard Tower
13:32 Scout Tower
13:33 Scout Tower
13:34 Scout Tower
13:36 Scout Tower
13:43 Scout Tower
14:09 Guard Tower
14:34 Guard Tower
14:34 Guard Tower
16:05 Gryphon Aviary
16:06 Gryphon Aviary
16:09 Farm
16:11 Farm
16:13 Keep
16:13 Keep
16:13 Keep
16:39 Scout Tower
16:40 Scout Tower
16:41 Scout Tower
16:46 Scout Tower
16:48 Scout Tower
16:49 Scout Tower
18:02 Guard Tower
18:02 Guard Tower
18:17 Guard Tower
18:17 Guard Tower
18:17 Guard Tower
18:42 Guard Tower
18:42 Guard Tower
19:03 Castle
19:03 Castle
19:03 Castle
19:06 Scout Tower
19:07 Scout Tower
19:09 Scout Tower
19:14 Scout Tower
19:19 Scout Tower
19:51 Guard Tower
19:52 Guard Tower
19:52 Guard Tower
19:56 Workshop
20:01 Workshop
20:07 Scout Tower
20:41 Guard Tower
20:41 Guard Tower
20:49 Farm
22:03 Scout Tower
22:48 Guard Tower
22:49 Guard Tower
24:01 Arcane Vault
28:53 Moon Well
28:54 Moon Well
28:55 Moon Well
28:56 Moon Well
28:57 Moon Well
31:41 Town Hall
31:43 Scout Tower
31:44 Scout Tower
31:44 Scout Tower
31:46 Scout Tower
34:21 Guard Tower
34:21 Guard Tower
34:21 Guard Tower
34:24 Scout Tower
35:06 Guard Tower
35:06 Guard Tower
35:06 Guard Tower
39:13 Scout Tower
39:14 Scout Tower
39:16 Scout Tower
39:36 Scout Tower
40:36 Guard Tower
40:36 Guard Tower
40:40 Town Hall
52:05 Scout Tower
» items
| Mechanical Critter | 4 | |
| Scroll of Regeneration | 8 | |
| Staff of Teleportation | 2 | |
| Tome of Retraining | 1 | |
| Staff of Sanctuary | 1 | |
| Lesser Clarity Potion | 3 | |
| Potion of Mana | 2 | |
| Scroll of Town Portal | 2 | |
| Potion of Healing | 4 | |
27 total

»
Scarletworm (
pink | 37 APM | 953 actions | 25:33)
5 Demon Hunter
2 Immolation
3 Evasion
1 Priestess of the Moon
1 Trueshot Aura
» actions
| Assign group hotkey | 22 | |
| Basic commands | 27 | |
| Build / train | 62 | |
| ESC pressed | 4 | |
| Enter build submenu | 26 | |
| Enter hero's abilities submenu | 6 | |
| Remove unit from queue | 4 | |
| Right click | 308 | |
| Select / deselect | 226 | |
| Select group hotkey | 222 | |
| Use ability | 46 | |
953 total
» units
| Wisp | 17 | |
| Hippogryph | 14 | |
| Chimaera | 3 | |
| Dryad | 3 | |
37 total
» upgrades
| Reinforced Hides | 3 | |
| Strength of the Wild | 3 | |
| Corrosive Breath | 1 | |
| Ultravision | 1 | |
| Well Spring | 1 | |
9 total
» buildings
| Moon Well | 9 | |
| Altar of Elders | 1 | |
| Tree of Ages | 1 | |
| Hunter's Hall | 1 | |
| Ancient of Wind | 2 | |
| Tree of Eternity | 1 | |
| Chimaera Roost | 4 | |
| Tree of Life | 3 | |
| Ancient Protector | 1 | |
| Ancient of Lore | 2 | |
25 total
» build order
00:12 Moon Well
00:20 Altar of Elders
01:11 Moon Well
02:13 Tree of Ages
02:44 Moon Well
03:24 Hunter's Hall
03:48 Moon Well
04:36 Ancient of Wind
04:39 Tree of Eternity
05:06 Moon Well
05:13 Moon Well
06:38 Moon Well
06:41 Moon Well
07:10 Chimaera Roost
07:41 Chimaera Roost
07:56 Moon Well
08:24 Chimaera Roost
09:31 Chimaera Roost
10:21 Tree of Life
12:34 Ancient of Wind
14:18 Ancient Protector
16:32 Tree of Life
17:57 Ancient of Lore
18:02 Ancient of Lore
22:36 Tree of Life
» items
team 2 (winner)
mrbla1 (
green | 63 APM | 3008 actions | 48:02)
1 Mountain King
1 Storm Bolt
8 Archmage
3 Summon Water Elemental
3 Brilliance Aura
1 Mass Teleport
1 Blizzard
4 Keeper of the Grove
2 Thorns Aura
2 Entangling Roots
3 Priestess of the Moon
1 Starfall
1 Searing Arrows
1 Scout
» actions
| Build / train | 127 | |
| Enter build submenu | 33 | |
| Enter hero's abilities submenu | 16 | |
| Right click | 1744 | |
| Select / deselect | 944 | |
| Use ability | 144 | |
3008 total
» units
| Peasant | 23 | |
| Footman | 11 | |
| Goblin Zeppelin | 1 | |
| Goblin Shredder | 1 | |
| Flying Machine | 11 | |
| Siege Engine | 4 | |
| Chimaera | 8 | |
| Dryad | 9 | |
| Hippogryph | 5 | |
73 total
» upgrades
| Lumber Harvesting | 2 | |
| Masonry | 2 | |
| Flak Cannons | 1 | |
| Gunpowder | 3 | |
| Plating | 3 | |
| Fragmentation Shards | 1 | |
| Flare | 1 | |
| Barrage | 1 | |
14 total
» buildings
| Altar of Kings | 1 | |
| Farm | 9 | |
| Barracks | 1 | |
| Lumber Mill | 1 | |
| Scout Tower | 10 | |
| Arcane Tower | 3 | |
| Arcane Vault | 2 | |
| Town Hall | 4 | |
| Keep | 1 | |
| Guard Tower | 5 | |
| Castle | 1 | |
| Blacksmith | 2 | |
| Workshop | 5 | |
| Ancient of Lore | 1 | |
| Tree of Life | 1 | |
47 total
» build order
00:22 Altar of Kings
00:36 Farm
00:51 Barracks
01:18 Farm
01:20 Farm
01:27 Lumber Mill
01:51 Scout Tower
02:19 Arcane Tower
02:52 Scout Tower
03:40 Arcane Tower
04:30 Arcane Vault
04:44 Town Hall
05:20 Keep
05:51 Scout Tower
06:23 Arcane Tower
06:25 Scout Tower
07:00 Guard Tower
07:03 Scout Tower
08:17 Guard Tower
08:32 Scout Tower
08:33 Scout Tower
09:05 Guard Tower
09:34 Arcane Vault
09:38 Scout Tower
09:54 Scout Tower
09:55 Scout Tower
10:44 Guard Tower
10:48 Castle
11:18 Guard Tower
12:22 Town Hall
12:58 Blacksmith
14:03 Workshop
14:04 Workshop
14:06 Workshop
14:30 Workshop
14:34 Workshop
15:59 Blacksmith
16:39 Farm
16:40 Farm
16:40 Farm
16:42 Farm
16:43 Farm
16:43 Farm
20:33 Ancient of Lore
25:53 Town Hall
27:06 Tree of Life
29:14 Town Hall
» items
| Boots of Speed | 2 | |
| Staff of Teleportation | 2 | |
| Potion of Lesser Invulnerability | 2 | |
| Potion of Healing | 2 | |
| Circlet of Nobility | 1 | |
9 total

»
TheIsland (
purple | 100 APM | 1849 actions | 18:28)
5 Priestess of the Moon
3 Trueshot Aura
2 Searing Arrows
1 Keeper of the Grove
1 Entangling Roots
» actions
| Assign group hotkey | 49 | |
| Basic commands | 293 | |
| Build / train | 100 | |
| ESC pressed | 1 | |
| Enter build submenu | 26 | |
| Enter hero's abilities submenu | 6 | |
| Give item / drop item | 3 | |
| Right click | 589 | |
| Select / deselect | 343 | |
| Select group hotkey | 357 | |
| Use ability | 82 | |
1849 total
» units
| Wisp | 23 | |
| Archer | 23 | |
| Goblin Zeppelin | 4 | |
| Goblin Shredder | 2 | |
| Druid of the Talon | 6 | |
| Dryad | 3 | |
| Faerie Dragon | 2 | |
63 total
» upgrades
| Improved Bows | 1 | |
| Strength of the Moon | 3 | |
| Marksmanship | 1 | |
| Moon Armor | 2 | |
| Ultravision | 1 | |
| Druid of the Talon Training | 1 | |
| Abolish Magic | 1 | |
| Hardened Skin | 1 | |
| Resistant Skin | 1 | |
12 total
» buildings
| Altar of Elders | 1 | |
| Ancient of War | 4 | |
| Moon Well | 8 | |
| Tree of Life | 3 | |
| Tree of Ages | 1 | |
| Hunter's Hall | 1 | |
| Tree of Eternity | 1 | |
| Ancient of Wind | 2 | |
| Ancient of Lore | 1 | |
| Ancient of Wonders | 1 | |
| Chimaera Roost | 1 | |
24 total
» build order
00:18 Altar of Elders
00:22 Ancient of War
00:32 Moon Well
01:34 Moon Well
01:59 Ancient of War
02:33 Moon Well
02:35 Moon Well
03:25 Tree of Life
04:36 Tree of Ages
06:21 Hunter's Hall
06:45 Moon Well
06:46 Moon Well
08:39 Tree of Eternity
10:18 Tree of Life
10:54 Ancient of Wind
12:25 Ancient of War
12:38 Ancient of Lore
12:42 Ancient of Wind
12:53 Ancient of War
13:14 Ancient of Wonders
16:00 Moon Well
16:02 Moon Well
16:05 Tree of Life
18:01 Chimaera Roost
» items
| Boots of Speed | 1 | |
| Scroll of Town Portal | 4 | |
| Scroll of Healing | 2 | |
| Potion of Lesser Invulnerability | 1 | |
| Scroll of Regeneration | 1 | |
9 total

»
Clowsaintpotsox (
orange | 46 APM | 2206 actions | 48:13)
7 Keeper of the Grove
2 Force of Nature
3 Entangling Roots
1 Thorns Aura
1 Tranquility
6 Priestess of the Moon
2 Searing Arrows
1 Trueshot Aura
2 Scout
1 Starfall
» actions
| Assign group hotkey | 22 | |
| Build / train | 107 | |
| Enter build submenu | 25 | |
| Enter hero's abilities submenu | 13 | |
| Give item / drop item | 6 | |
| Remove unit from queue | 3 | |
| Right click | 1038 | |
| Select / deselect | 582 | |
| Select group hotkey | 345 | |
| Use ability | 65 | |
2206 total
» units
| Wisp | 19 | |
| Archer | 8 | |
| Hippogryph | 26 | |
| Chimaera | 15 | |
| Dryad | 4 | |
72 total
» upgrades
| Improved Bows | 1 | |
| Strength of the Wild | 3 | |
| Reinforced Hides | 3 | |
| Corrosive Breath | 1 | |
| Well Spring | 1 | |
| Ultravision | 1 | |
10 total
» buildings
| Moon Well | 8 | |
| Altar of Elders | 1 | |
| Ancient of War | 1 | |
| Tree of Ages | 1 | |
| Tree of Life | 3 | |
| Ancient of Wind | 4 | |
| Tree of Eternity | 1 | |
| Hunter's Hall | 1 | |
| Chimaera Roost | 3 | |
| Ancient of Wonders | 1 | |
24 total
» build order
00:08 Moon Well
00:13 Altar of Elders
00:31 Ancient of War
01:33 Moon Well
02:29 Moon Well
03:38 Moon Well
03:39 Tree of Ages
04:36 Moon Well
05:24 Tree of Life
05:57 Moon Well
06:54 Ancient of Wind
07:33 Tree of Eternity
09:52 Hunter's Hall
09:55 Chimaera Roost
09:59 Chimaera Roost
10:01 Chimaera Roost
10:42 Moon Well
10:45 Moon Well
11:04 Ancient of Wonders
22:37 Tree of Life
28:29 Tree of Life
31:08 Ancient of Wind
34:20 Ancient of Wind
34:24 Ancient of Wind
» items
| Boots of Speed | 1 | |
| Scroll of Healing | 1 | |
| Scroll of Town Portal | 2 | |
| Potion of Healing | 1 | |
5 total
XtremelyDngeruz (
teal | 45 APM | 2416 actions | 53:29)
7 Archmage
3 Summon Water Elemental
3 Brilliance Aura
1 Mass Teleport
» actions
| Assign group hotkey | 44 | |
| Basic commands | 125 | |
| Build / train | 87 | |
| Enter build submenu | 67 | |
| Enter hero's abilities submenu | 8 | |
| Give item / drop item | 9 | |
| Remove unit from queue | 5 | |
| Right click | 861 | |
| Select / deselect | 473 | |
| Select group hotkey | 526 | |
| Use ability | 211 | |
2416 total
» units
| Peasant | 12 | |
| Footman | 4 | |
| Goblin Shredder | 2 | |
| Gryphon Rider | 11 | |
| Goblin Zeppelin | 3 | |
| Dragonhawk Rider | -2 | |
| Blue Dragon | 2 | |
| Goblin Sapper | 4 | |
36 total
» upgrades
| Swords | 3 | |
| Armor | 3 | |
| Animal War Training | 1 | |
| Masonry | 3 | |
| Storm Hammers | 1 | |
| Cloud | 1 | |
12 total
» buildings
| Altar of Kings | 1 | |
| Barracks | 1 | |
| Farm | 18 | |
| Keep | 2 | |
| Town Hall | 5 | |
| Scout Tower | 55 | |
| Lumber Mill | 1 | |
| Arcane Vault | 2 | |
| Guard Tower | 12 | |
| Castle | 1 | |
| Arcane Tower | 1 | |
| Blacksmith | 3 | |
| Gryphon Aviary | 4 | |
106 total
» build order
00:37 Altar of Kings
00:38 Barracks
00:50 Farm
00:52 Farm
01:04 Farm
01:33 Farm
03:44 Keep
04:16 Town Hall
04:22 Scout Tower
04:24 Scout Tower
04:27 Scout Tower
04:30 Scout Tower
04:38 Lumber Mill
05:28 Arcane Vault
05:40 Guard Tower
05:41 Guard Tower
06:21 Castle
06:23 Arcane Tower
06:38 Blacksmith
06:40 Blacksmith
06:43 Farm
06:46 Blacksmith
07:14 Gryphon Aviary
07:15 Gryphon Aviary
07:15 Gryphon Aviary
07:28 Farm
07:40 Gryphon Aviary
12:48 Scout Tower
12:49 Scout Tower
12:50 Scout Tower
12:51 Scout Tower
12:52 Scout Tower
12:54 Scout Tower
12:55 Scout Tower
13:50 Farm
13:50 Farm
13:50 Farm
13:51 Farm
13:51 Farm
14:28 Guard Tower
21:18 Town Hall
21:22 Scout Tower
21:22 Scout Tower
21:23 Scout Tower
21:24 Scout Tower
21:25 Scout Tower
21:26 Scout Tower
21:27 Scout Tower
21:27 Scout Tower
21:30 Scout Tower
21:30 Scout Tower
21:31 Scout Tower
21:32 Scout Tower
21:33 Scout Tower
21:34 Scout Tower
21:34 Scout Tower
21:38 Arcane Vault
23:52 Guard Tower
23:54 Guard Tower
24:19 Scout Tower
24:19 Scout Tower
24:20 Scout Tower
24:21 Scout Tower
24:23 Scout Tower
24:24 Scout Tower
24:26 Scout Tower
24:27 Scout Tower
24:28 Scout Tower
24:28 Scout Tower
24:29 Scout Tower
24:29 Scout Tower
24:30 Scout Tower
24:30 Scout Tower
24:33 Scout Tower
24:34 Scout Tower
24:35 Scout Tower
24:56 Guard Tower
26:02 Guard Tower
26:04 Guard Tower
27:56 Town Hall
28:08 Scout Tower
28:08 Scout Tower
28:09 Scout Tower
28:10 Scout Tower
28:11 Scout Tower
28:11 Scout Tower
28:12 Scout Tower
28:13 Scout Tower
28:13 Scout Tower
28:13 Scout Tower
28:14 Scout Tower
28:15 Scout Tower
28:55 Guard Tower
29:35 Guard Tower
29:41 Guard Tower
30:53 Guard Tower
48:59 Town Hall
49:08 Farm
49:09 Farm
49:10 Farm
49:11 Farm
49:21 Keep
52:23 Town Hall
52:31 Farm
52:33 Farm
52:35 Farm
» items
| Scroll of Regeneration | 2 | |
| Scroll of Town Portal | 2 | |
| Staff of Sanctuary | 1 | |
| Periapt of Vitality | 1 | |
| Potion of Lesser Invulnerability | 1 | |
| Mechanical Critter | 3 | |
10 total
Chat log
(00:14 / Allies) mrbla1: copter mort tank
(01:23 / Allies) TheIsland: potm
(02:12 / Allies) Clowsaintpotsox: everyone expo quick?
(02:15 / Allies) mrbla1: y
(02:19 / Allies) XtremelyDngeruz: gonna fast expo that
(02:34 / Allies) mrbla1: purple, you expo first
(02:35 / Allies) XtremelyDngeruz: creeping green first
(03:00 / Allies) TheIsland: pull to aow
(03:07 / Allies) TheIsland: green
(03:07 / Allies) XtremelyDngeruz: thank you orange
(03:29 / Allies) XtremelyDngeruz: told you I would fast expo it, with militia...
(07:07 / Allies) mrbla1: wood?
(10:17 / Allies) XtremelyDngeruz: he walked into that surround lol
(12:09 / Allies) TheIsland: im b
(13:34 / Allies) XtremelyDngeruz: wow
(13:36 / Allies) XtremelyDngeruz: need aa fast
(14:11 / Allies) mrbla1: woirking on iaa
(15:54 / Allies) mrbla1: those chims ar edone for
(16:52 / Allies) XtremelyDngeruz: massing dhwak now
(17:43 / Allies) Clowsaintpotsox: b
(18:28 / Allies) mrbla1: we need to hit them with everything we have if he drops
(18:32 / All) 2_ARE_Democracy: blue hacker?
(18:35 / All) 2_ARE_Democracy: he said maybe to drophack
(18:49 / All) XtremelyDngeruz: I think he means it like "b"
(22:26 / Allies) mrbla1: lets go please?!
(27:26 / All) mrbla1: yellow is cute.
(27:33 / All) 2_ARE_Democracy: ty
(29:04 / All) Clowsaintpotsox: good fight yelow.
(29:09 / All) 2_ARE_Democracy: ?
(29:10 / All) 2_ARE_Democracy: not over
(30:19 / Allies) Clowsaintpotsox: gold me teal
(30:20 / Allies) Clowsaintpotsox: plz
(30:52 / Allies) mrbla1: get all aa
(31:06 / Allies) mrbla1: like all aa
(34:07 / All) mrbla1: its over yellow
(34:17 / All) 2_ARE_Democracy: you wish it was, keep begging for this win you know you have to LOL
(34:28 / All) mrbla1: teal has you beat
(34:31 / All) mrbla1: we have all towered bases.
(34:32 / All) 2_ARE_Democracy: he's not playing
(34:33 / All) mrbla1: yuou loe
(34:33 / All) 2_ARE_Democracy: kys
(35:19 / All) mrbla1: go cry some more yellow
(35:26 / All) 2_ARE_Democracy: you're crying
(35:33 / All) 2_ARE_Democracy: wahhhhh the enemy hasnt left yet
(35:34 / All) 2_ARE_Democracy: WAHHHHH
(35:40 / All) 2_ARE_Democracy: WAHHHHH I DIDNT WIN THIS I HAVE TO BEG FOR HIM TO LEAVE
(35:55 / All) mrbla1: no begging here.
(38:33 / All) mrbla1: now we win
(38:40 / All) 2_ARE_Democracy: you aren't winning
(38:53 / All) mrbla1: k
(40:42 / Allies) Clowsaintpotsox: we lose
(40:44 / Allies) Clowsaintpotsox: cause of teal.
(40:52 / Allies) XtremelyDngeruz: I'm eating, chill
(41:00 / Allies) Clowsaintpotsox: they exoing everywhere
(41:29 / Allies) mrbla1: teal, what are yo udoing?!?
(42:37 / Allies) mrbla1: teal, what do you wna tto do!?!?!
(42:54 / Allies) XtremelyDngeruz: Finish my meal
(43:00 / Allies) mrbla1: oh my fucking god
(43:00 / Allies) Clowsaintpotsox: lol
(44:32 / All) 2_ARE_Democracy: Listen up
(44:46 / All) 2_ARE_Democracy: from where you're kneeling it must look like an 18 karat run of bad luck, but truth is, THE GAME WAS RIGGED FROM THE START
(44:50 / All) 2_ARE_Democracy: me and teal are going to kill everything
(44:53 / All) 2_ARE_Democracy: including our own units
(44:57 / All) 2_ARE_Democracy: with no way to finish the other team
(44:59 / All) Clowsaintpotsox: lol
(45:02 / All) 2_ARE_Democracy: you can leave your compuers on all night for the win
(45:04 / All) 2_ARE_Democracy: sound fair?
(45:17 / Allies) mrbla1: wow..
(45:20 / All) mrbla1: just fucking wow.
(45:24 / All) 2_ARE_Democracy: LOL
(45:34 / All) mrbla1: i fucking knew it
(45:40 / All) 2_ARE_Democracy: told you
(45:43 / All) mrbla1: i suspected 20 min ago
(45:56 / All) 2_ARE_Democracy: you're going to have to work for this win pal
(45:57 / All) mrbla1: yellow, tell me.. why do you and players like teal consciously choose to fuck ohters over?
(46:05 / All) 2_ARE_Democracy: why does anyone play games
(46:06 / All) 2_ARE_Democracy: for fun
(46:12 / All) mrbla1: then play alone
(46:21 / All) 2_ARE_Democracy: nah I have more fun playing with others
(46:21 / Allies) mrbla1: so fun is fucking others over?
(46:24 / All) 2_ARE_Democracy: it's not all about you green
(46:26 / All) XtremelyDngeruz: Because there is a void in our minds, that cannot derive pleasure except at the hands of someone else's suffering
(46:50 / All) XtremelyDngeruz: No tears, that's a waste of good suffering!
(46:50 / All) mrbla1: what, so you and teal are in the same room like butt buddies?
(47:01 / All) 2_ARE_Democracy: why do they always have gay fantasies about us
(47:08 / All) 2_ARE_Democracy: WC3 community is so homosexual
(47:17 / All) XtremelyDngeruz: They like to write gay fanfic about us
(47:24 / All) mrbla1: i'm serious.. are you guys playing together becuase you know each other?
(47:32 / All) 2_ARE_Democracy: we just met this game
(47:43 / All) mrbla1: so you guys hav ebeen coordinating all fucking game?!
(47:52 / All) 2_ARE_Democracy: WHAT DO YOU THINK
(47:52 / All) mrbla1: figures.. similar play styles.. tower heavy.
(47:54 / All) XtremelyDngeruz: indeed, you have guess correctly
(48:07 / All) 2_ARE_Democracy: lol
(48:12 / All) 2_ARE_Democracy: he was so in shock about it
(48:20 / All) 2_ARE_Democracy: YOU TWO HAVE BEEN COORDINATING ALL GAME?!?!?!?!?!! WTF!!!!
(48:23 / All) XtremelyDngeruz: Aw, that really is a shame
(48:26 / All) 2_ARE_Democracy: Bad luck for you blue, you lose
(48:32 / All) 2_ARE_Democracy: leave you get a tie, stay you get a loss
(52:19 / All) 2_ARE_Democracy: any last words for yourself, blue?
(52:35 / All) 2_ARE_Democracy: guess not